Map: Prion Terraces

Players

starkiller

  • Race: Zerg Zerg
  • League: Master

NightEnD - Winner!

  • Race: Protoss Protoss

Event: Gauntlet LotV Series 1 Qualifier 1

VOD

Have the link to the VOD?

Description

Time

  • Played on: Nov. 22, 2015, 4:11 p.m.
  • Length: 6:43

All games in this series

Show
View Real Time Build Order
Export as new Build Order

starkiller Zerg 

Build Orders: 3 Hatch before Pool 

Get SALT Encoding   

  12  0:01  Drone  
  13  0:08  Drone  
  14  0:28  Drone, Extractor  
  14  0:29  Drone, Extractor  
  16  0:48  Hatchery  
  15  1:07  Hatchery  
  14  1:16  Drone, Extractor  
  14  1:17  Extractor  
  14  1:18  Drone  
  16  1:31  Spawning Pool  
  15  1:39  Extractor  
  14  1:47  Overlord  
  14  2:00  Drone x3  
  17  2:19  Queen x2  
  21  2:28  Queen  
  23  2:36  Zergling x4  
  25  2:40  Zergling x2  
  26  2:44  Drone  
  26  2:48  Drone  
  25  3:07  Drone x3  
  27  3:20  Drone x2  
  27  3:26  Roach Warren  
  27  3:28  Drone  
  28  3:38  Overlord x2, Extractor  
  27  3:47  Drone  
  28  4:01  Queen x2  
  29  4:14  Drone x5  
  29  4:15  Drone  
  30  4:22  Drone  
  27  4:36  Roach x2  
  28  4:44  Roach  
  29  4:49  Roach  
  31  4:54  Roach  
  35  5:00  Roach  
  32  5:10  Roach  
  32  5:13  Roach  
  36  5:21  Spore Crawler  
  35  5:26  Roach  
  37  5:37  Ravager x3  
  34  6:06  Ravager  
  34  6:07  Roach  
  34  6:08  Roach  
  36  6:15  Ravager, Zergling x4  
  36  6:16  Zergling x4  
Show
View Real Time Build Order
Export as new Build Order

NightEnD Protoss - Winner!

Build Orders: Oracle Opening 

Get SALT Encoding   

  12  0:01  Probe (Chrono Boost)  
  13  0:11  Probe (Chrono Boost)  
  14  0:18  Pylon  
  14  0:22  Probe (Chrono Boost)  
  15  0:36  Probe (Chrono Boost)  
  15  0:40  Gateway  
  16  0:43  Assimilator  
  16  0:46  Probe (Chrono Boost)  
  18  0:57  Probe (Chrono Boost)  
  18  1:07  Probe (Chrono Boost)  
  19  1:18  Probe (Chrono Boost)  
  20  1:28  Probe (Chrono Boost)  
  20  1:30  Zealot  
  23  1:36  Cybernetics Core  
  23  1:37  Assimilator  
  23  1:39  Pylon  
  23  1:52  Pylon  
  23  1:57  Probe (Chrono Boost)  
  24  2:08  Probe (Chrono Boost)  
  25  2:11  Zealot (Chrono Boost)  
  25  2:14  Stargate  
  27  2:22  Mothership Core (Chrono Boost)  
  29  2:35  Pylon  
  29  2:45  Probe (Chrono Boost)  
  30  3:01  Oracle (Chrono Boost)  
  31  3:14  Probe  
  31  3:18  Warp Gate  
  32  3:30  Nexus  
  32  3:31  Pylon  
  32  3:32  Oracle (Chrono Boost)  
  32  3:33  Probe, Pylon  
  36  3:45  Probe  
  37  3:57  Probe  
  38  4:04  Oracle (Chrono Boost)  
  38  4:09  Probe  
  42  4:21  Probe  
  43  4:33  Probe  
  44  4:45  Probe  
  44  4:47  Gateway  
  44  4:49  Gateway  
  44  4:50  Gateway  
  45  4:53  Probe, Twilight Council  
  45  4:58  Probe  
  47  5:03  Probe  
  48  5:10  Probe  
  49  5:14  Probe  
  49  5:19  Assimilator  
  50  5:22  Assimilator  
  50  5:25  Stalker  
  52  5:31  Gateway  
  52  5:32  Gateway, Probe  
  52  5:33  Probe, Gateway  
  52  5:34  Pylon  
  54  5:40  Robotics Facility  
  54  5:42  Probe  
  55  5:55  Pylon  
  55  5:57  Pylon  
  55  6:09  Pylon x2  
  55  6:15  Stalker x4  
  63  6:31  Stalker x3  
  63  6:38  Stalker x2  
  63  6:39  Stalker x2  
Tags
 
Add a new tag
Caveats
  • Supply blocks, unpowered buildings, or Contaminate may cause inaccurate times.
  • Supply counts are checked every 10 seconds.